 Dungeon Crawl Stone Soup version 0.26.1-11-gd32895ea62 (webtiles) character file.

Game seed: 17580883268512189883

1183 jlumianski the Grasshopper (level 8, -6/63 (64) HPs)
             Began as a Gnoll Warper on July 8, 2021.
             Was a Believer of Okawaru.
             Mangled by an iguana (9 damage)
             ... on level 6 of the Dungeon.
             The game lasted 00:37:31 (6344 turns).

jlumianski the Grasshopper (Gnoll Warper)           Turns: 6344, Time: 00:37:32

HP:   -6/63 (64)    AC:  9    Str: 13    XL:     8   Next: 42%
MP:   15/17         EV: 15    Int: 18    God:    Okawaru [**....]
Gold: 235           SH:  0    Dex: 15    Spells: 14/19 levels left

rFire    . . .     SeeInvis .   J - +3 hand axe
rCold    . . .     Faith    .   (no shield)
rNeg     . . .     Spirit   .   w - +3 leather armour {rPois}
rPois    +         Reflect  .   (no helmet)
rElec    .         Harm     .   q - +0 cloak
rCorr    +         Rampage  .   (no gloves)
Will     .....                  v - +1 pair of boots
Stlth    +++.......             m - amulet of magic regeneration
HPRegen  0.20/turn              x - ring of resist corrosion
MPRegen  0.40/turn              F - ring of stealth

@: lightly drained
A: distributed training, fangs 1, strong nose
a: Renounce Religion, Heroism


You were on level 6 of the Dungeon.
You worshipped Okawaru.
Okawaru was pleased with you.
You visited 1 branch of the dungeon, and saw 6 of its levels.

You collected 310 gold pieces.
You spent 75 gold pieces at shops.

Inventory:

Hand Weapons
 a - a +0 hand axe
 o - a +1 hunting sling of flaming
 B - a +2 dagger of venom
 C - a +0 war axe
 J - a +3 hand axe (weapon)
Missiles
 c - 243 stones (quivered)
 e - 5 boomerangs of dispersal
 l - 60 bolts
 p - 2 boomerangs
 t - 4 datura-tipped darts
 A - 5 sling bullets
 D - 13 poisoned darts
Armour
 b - a +0 leather armour
 k - a +0 ring mail
 q - a +0 cloak (worn)
 r - a +0 ring mail
 v - a +1 pair of boots (worn)
 w - a +3 leather armour of poison resistance (worn)
Jewellery
 m - an amulet of magic regeneration (around neck)
 x - a ring of resist corrosion (left hand)
 F - a ring of stealth (right hand)
 H - a cursed amulet of inaccuracy
Wands
 E - a wand of iceblast (7)
 G - a wand of acid (4)
Scrolls
 d - a scroll of blinking
 f - 2 scrolls of enchant weapon {unknown}
 g - 9 scrolls of remove curse
 i - 5 scrolls of identify
 n - a scroll of teleportation {unknown}
 u - a scroll of fog {unknown}
 y - 2 scrolls of amnesia {unknown}
 I - a scroll of noise {unknown}
Potions
 h - a potion of curing {unknown}
 j - a potion of might
 s - a potion of attraction {unknown}
 z - a potion of lignification {unknown}


   Skills:
 + Level 5.6 Fighting
 + Level 3.2 Short Blades
 + Level 3.2 Long Blades
 + Level 5.6 Axes
 + Level 3.2 Maces & Flails
 + Level 3.2 Polearms
 + Level 3.2 Staves
 + Level 3.2 Slings
 + Level 3.2 Bows
 + Level 3.2 Crossbows
 + Level 4.2 Throwing
 + Level 4.2 Armour
 + Level 5.6 Dodging
 + Level 3.2 Stealth
 + Level 3.2 Shields
 + Level 3.2 Unarmed Combat
 + Level 6.0 Spellcasting
 + Level 2.6 Conjurations
 + Level 2.6 Hexes
 + Level 2.6 Summonings
 + Level 2.6 Necromancy
 + Level 6.1 Translocations
 + Level 2.6 Transmutations
 + Level 2.6 Fire Magic
 + Level 2.6 Ice Magic
 + Level 2.6 Air Magic
 + Level 2.6 Earth Magic
 + Level 2.6 Poison Magic
 + Level 3.5 Invocations
 + Level 3.2 Evocations


You had 14 spell levels left.
You knew the following spells:

 Your Spells              Type           Power        Failure   Level
a - Blink                 Tloc           N/A          1%          2
b - Gell's Gravitas       Tloc           13%          3%          3

Your spell library contained the following spells:

 Spells                   Type           Power        Failure   Level
 Lesser Beckoning         Tloc           13%          3%          3
 Teleport Other           Tloc           27%          3%          3
 Passage of Golubria      Tloc           N/A          12%         4
 Summon Forest            Summ/Tloc      10%          56%         5
 Summon Demon             Summ           7%           80%         5
 Summon Mana Viper        Hex/Summ       15%          80%         5
 Shadow Creatures         Summ           N/A          100%        6
 Summon Hydra             Summ           7%           100%        7


Dungeon Overview and Level Annotations

Branches:
Dungeon (6/15)
 Temple: D:4-7

Altars:
Ashenzari
Makhleb
Okawaru
Ru
Trog
Uskayaw
Vehumet

Shops:
D:4 ?[*}

Annotations:
D:5 2 transporters, oc3rt's ghost, novice KoHu


Innate Abilities, Weirdness & Mutations

Your experience applies equally to all skills.
You have very sharp teeth.
Your uncanny sense of smell can sniff out nearby items.


Message History

You hit the centaur.
The centaur is severely wounded.
You hit the iguana. The centaur completely misses you. The iguana misses you.
Casting: Blink (safe; 1% risk of failure)
Confirm with . or Enter, or press ? or * to list all spells.
Aiming: Gell's Gravitas (dangerous; 3% risk of failure)
Press: ? - help, Dir - move target, f - centaur
Aim: a centaur, quivering 3 arrows (severely wounded) Gravity reorients around the centaur.
The iguana collides with the centaur!
The centaur hits you but does no damage.
The centaur hits you.
* * * LOW HITPOINT WARNING * * *
The iguana bites you.
* * * LOW HITPOINT WARNING * * *
Okay, then.
You hit the centaur. Your bite misses the centaur.
The centaur is almost dead.
You hit the iguana but do no damage. The centaur barely misses you.
The iguana bites you!
You die...

...........#
#..........#
#..........##
#......[....#
#..........#
#........... ..##
###...c......#
.....##†((..@l......
#..((............
####.#####......# ∆
####.# ..#.##.
#....# ......
##.#### ....... #..#
.......
######.#######
.......
#....†.......... ###


You could see a centaur and an iguana.

Vanquished Creatures
  Eustachio (D:4)
  A water moccasin (D:5)
  A phantom (D:5)
  An ogre (D:4)
  A scorpion (D:4)
  4 wights (D:6)
  An orc priest (D:4)
  A hound (D:4)
  A jelly (D:5)
  2 orc wizards (D:5)
  A bullfrog skeleton (D:4)
  A centaur skeleton (D:4)
  3 iguanas
  Ijyb (D:5)
  2 worker ants
  7 adders
  A white imp (D:5)
  2 oozes
  A worm (D:3)
  2 dart slugs
  2 leopard geckos
  20 orcs
  3 giant cockroaches
  8 hobgoblins
  14 jackals
  7 kobolds
  4 quokkas
  2 ball pythons
  9 bats
  3 frilled lizards
  4 goblins
  A leopard gecko skeleton (D:4)
  5 rats
117 creatures vanquished.

Notes
Turn   | Place    | Note
-------+----------+-------------------------------------------
     0 | D:1      | jlumianski the Gnoll Warper began the quest for the Orb.
     0 | D:1      | Reached XP level 1. HP: 20/20 MP: 6/6
    79 | D:1      | Reached XP level 2. HP: 25/26 MP: 7/7
   178 | D:1      | Learned a level 2 spell: Blink
   919 | D:2      | Reached skill level 5 in Spellcasting
   919 | D:2      | Reached XP level 3. HP: 28/31 MP: 7/9
   923 | D:2      | Learned a level 3 spell: Gell's Gravitas
  1002 | D:2      | Reached skill level 1 in Invocations
  1183 | D:2      | Reached skill level 1 in Short Blades
  1183 | D:2      | Reached skill level 1 in Long Blades
  1183 | D:2      | Reached skill level 1 in Maces & Flails
  1183 | D:2      | Reached skill level 1 in Polearms
  1183 | D:2      | Reached skill level 1 in Staves
  1183 | D:2      | Reached skill level 1 in Slings
  1183 | D:2      | Reached skill level 1 in Bows
  1183 | D:2      | Reached skill level 1 in Crossbows
  1183 | D:2      | Reached skill level 1 in Stealth
  1183 | D:2      | Reached skill level 1 in Shields
  1183 | D:2      | Reached skill level 1 in Unarmed Combat
  1183 | D:2      | Reached skill level 1 in Evocations
  1222 | D:2      | Reached XP level 4. HP: 34/38 MP: 11/11
  1237 | D:2      | Found a radiant altar of Vehumet.
  2176 | D:3      | Reached skill level 1 in Conjurations
  2176 | D:3      | Reached skill level 1 in Hexes
  2176 | D:3      | Reached skill level 1 in Summonings
  2176 | D:3      | Reached skill level 1 in Necromancy
  2176 | D:3      | Reached skill level 1 in Transmutations
  2176 | D:3      | Reached skill level 1 in Fire Magic
  2176 | D:3      | Reached skill level 1 in Ice Magic
  2176 | D:3      | Reached skill level 1 in Air Magic
  2176 | D:3      | Reached skill level 1 in Earth Magic
  2176 | D:3      | Reached skill level 1 in Poison Magic
  2569 | D:3      | Found a faded altar of an unknown god.
  2729 | D:3      | Reached XP level 5. HP: 43/43 MP: 12/12
  2791 | D:3      | Found a broken altar of Ashenzari.
  2791 | D:3      | Found an iron altar of Okawaru.
  2795 | D:3      | Became a worshipper of Warmaster Okawaru
  3423 | D:4      | Reached XP level 6. HP: 46/50 MP: 13/13
  3472 | D:4      | Noticed Eustachio
  3525 | D:4      | Killed Eustachio
  3525 | D:4      | Reached * piety under Okawaru
  3526 | D:4      | Reached skill level 5 in Fighting
  3526 | D:4      | Reached skill level 5 in Axes
  3526 | D:4      | Reached skill level 5 in Dodging
  3580 | D:4      | Found Faonedgha's Gadget Shoppe.
  3592 | D:4      | Found Rideis's Magic Scroll Boutique.
  3614 | D:4      | Bought a scroll of enchant armour for 75 gold pieces
  3662 | D:4      | Found Yfreifol's Assorted Antiques.
  3773 | D:4      | Reached XP level 7. HP: 56/56 MP: 15/15
  3872 | D:4      | Found Dimaanix's Antique Armour Emporium.
  4221 | D:4      | Found a hide-covered altar of Uskayaw.
  4229 | D:4      | Found a sacrificial altar of Ru.
  4337 | D:5      | Entered Level 5 of the Dungeon
  4479 | D:5      | Found a transporter.
  4479 | D:5      | Noticed oc3rt's ghost (novice KoHu)
  4479 | D:5      | Identified the +9 dire flail "Kyrghuyrot" {distort, Str+6
                  | Int+3}
  4480 | D:5      | Found a transporter.
  4687 | D:5      | Found a burning altar of Makhleb.
  4798 | D:5      | Reached ** piety under Okawaru
  4862 | D:5      | Noticed Ijyb
  4867 | D:5      | Killed Ijyb
  4868 | D:5      | Reached XP level 8. HP: 51/63 MP: 16/16
  5988 | D:6      | Found a bloodstained altar of Trog.
  6343 | D:6      | HP: 3/63 [iguana (6)]
  6344 | D:6      | Mangled by an iguana

Illustrated notes

Levels and vault maps discovered:
D:1:      scummos_arrival_hexagon, layout_rooms
D:2:      layout_loops_ring, lemuel_coloured_pillars_altar
D:3:      layout_rooms, gammafunk_temple_overflow_elements,
          chequers_ecumenical_altar_island, fountainhead,
          minmay_increasing_density
D:4:      layout_gridville, minitemple, serial_shops, shop, kennysheep_mini,
          shop, shop, uniq_eustachio
D:5:      minmay_opposing_rooms, layout_loops_corners, lightli_temple_of_fire,
          gammafunk_ghost_smash, uniq_ijyb
D:6:      layout_rooms, lemuel_temple_firewalk_a, trog_three_pillars_becter

Skill      XL: |  1  2  3  4  5  6  7  8 |
---------------+-------------------------+-----
Spellcasting   | 5 6 |  6.0
Invocations    | 1 2 3 |  3.5
Short Blades   | 1 2 3 |  3.2
Long Blades    | 1 2 3 |  3.2
Maces & Flails | 1 2 3 |  3.2
Polearms       | 1 2 3 |  3.2
Staves         | 1 2 3 |  3.2
Slings         | 1 2 3 |  3.2
Bows           | 1 2 3 |  3.2
Crossbows      | 1 2 3 |  3.2
Stealth        | 1 2 3 |  3.2
Shields        | 1 2 3 |  3.2
Unarmed Combat | 1 2 3 |  3.2
Evocations     | 1 2 3 |  3.2
Conjurations   | 1 2 |  2.6
Hexes          | 1 2 |  2.6
Summonings     | 1 2 |  2.6
Necromancy     | 1 2 |  2.6
Transmutations | 1 2 |  2.6
Fire Magic     | 1 2 |  2.6
Ice Magic      | 1 2 |  2.6
Air Magic      | 1 2 |  2.6
Earth Magic    | 1 2 |  2.6
Poison Magic   | 1 2 |  2.6
Throwing       | 3 4 |  4.2
Armour         | 3 4 |  4.2
Fighting       | 5 |  5.6
Axes           | 5 |  5.6
Dodging        | 5 |  5.6
Translocations | 6 |  6.1

Action                   |  1- 3 |  4- 6 |  7- 9 || total
-------------------------+-------+-------+-------++-------
Melee: Hand axe          |   103 |   175 |    41 ||   319
       Bite              |     8 |    14 |    19 ||    41
       Punch             |     1 |       |       ||     1
       War axe           |       |       |    76 ||    76
       Dagger            |       |       |    11 ||    11
 Fire: Hunting sling     |       |    42 |    75 ||   117
Throw: Stone             |    13 |    17 |     1 ||    31
 Cast: Blink             |     2 |     8 |    11 ||    21
       Gell's Gravitas   |       |    10 |    16 ||    26
  Use: Scroll            |       |     2 |     2 ||     4
       Potion            |       |     1 |       ||     1
 Stab: Sleeping          |       |       |     1 ||     1
Armor: Leather armour    |    11 |     9 |    36 ||    56
       Ring mail         |    16 |    69 |       ||    85
Dodge: Dodged            |    68 |   207 |   115 ||   390
